AoeStats
← Joaking

Golden Pit

508026184Analyzed
1v1 RM · 11d ago on Sep 20, 2026· 41m 7s· 2 players
Game mode
Random Map
Map size
Tiny (2 player)
Population
200
Speed
Normal
Resources
Standard
Victory
Conquest
Starting age
Dark Age
Ending age
Imperial Age
RankedLock teamsTeams togetherTeam positionsShared explorationLock speedFull tech treeHidden civsTurbo modeCheats
Victory
Defeat
🇦🇺 Burgundians · Australia
1111
+16
🇨🇱 Britons · Chile
1102
-16
Joaking
10:29 Feudal Age
8:48 Loom
10:33 Feudal Age
14:07 Double-Bit Axe
15:11 Scale Barding Armor
19:36 Forging
23:51 Castle Age
24:25 Pikeman
25:06 Squires
24:51 Arson
25:13 Scale Mail Armor
29:39 Wheelbarrow
31:26 Fletching
31:53 Chain Mail Armor
32:20 Bodkin Arrow
36:25 Imperial Age
35:28 Padded Archer Armor
36:27 Elite Longbowman
37:46 Bracer
38:40 Ballistics
39:24 Chemistry
39:27 Plate Mail Armor
40:36 Yeomen
Negev King
8:27 Loom
10:12 Feudal Age
9:10 Double-Bit Axe
9:22 Horse Collar
11:52 Bow Saw
12:13 Heavy Plow
12:16 Town Watch
20:41 Castle Age
19:44 Gold Mining
20:33 Wheelbarrow
21:13 Cavalier
21:54 Husbandry
26:19 Two-Man Saw
26:27 Town Patrol
26:43 Hand Cart
26:58 Scale Barding Armor
29:58 Chain Barding Armor
29:48 Forging
32:22 Hand Cart
36:19 Imperial Age
36:03 Iron Casting
36:37 Paladin
38:03 Conscription
40:58 Plate Barding Armor
41:24 Blast Furnace
Connection lost

Rejoining the realm…

Still unreachable

The connection could not be restored.

Session expired

The server has moved on; the page needs a fresh start.